 Dungeon Crawl Stone Soup version 0.21-a0-111-g52d2817 (webtiles) character file.

501 Lianjan the Spear-Bearer (level 6, -1/45 HPs)
             Began as a Minotaur Gladiator on July 11, 2017.
             Was an Initiate of the Shining One.
             Slain by Croanthos's ghost (8 damage)
             ... on level 3 of the Dungeon.
             The game lasted 00:04:51 (3060 turns).

Lianjan the Spear-Bearer (Minotaur Gladiator)       Turns: 3060, Time: 00:04:52

Health: -1/45      AC: 12    Str: 18    XL:     6   Next: 95%
Magic:  5/5        EV:  8    Int:  7    God:    the Shining One [......]
Gold:   57         SH:  0    Dex: 12    Spells: 5/5 levels left

rFire    + . .     SeeInvis .   a - +0 trident
rCold    . . .     Gourm    .   (no shield)
rNeg     . . .     Faith    .   b - +2 chain mail {rF+}
rPois    .         Spirit   .   c - +0 hat
rElec    .         Reflect  .   e - +1 cloak {+Inv}
rCorr    .         Harm     .   (no gloves)
MR       .....     Clarity  +   (no boots)
Stlth    ..........             (no amulet)
HPRegen  0.15/turn              (no ring)
MPRegen  0.09/turn              (no ring)

@: hasted, glowing, very quick
A: retaliatory headbutt, horns 2, clarity, frail 1
a: Renounce Religion, Evoke Invisibility


You were on level 3 of the Dungeon.
You worshipped the Shining One.
The Shining One was noncommittal.
You were not hungry.

You visited 1 branch of the dungeon, and saw 3 of its levels.

You collected 57 gold pieces.

Inventory:

Hand Weapons
 a - a +0 trident (weapon)
Missiles
 d - 3 throwing nets (quivered)
Armour
 b - a +2 chain mail of fire resistance (worn)
 c - a +0 hat (worn)
 e - a +1 cloak of invisibility (worn)
Potions
 g - a potion of curing
 h - a potion of degeneration
Comestibles
 f - a bread ration


   Skills:
 + Level 3.1 Fighting
 * Level 9.1 Polearms
 - Level 2.0 Throwing
 - Level 3.2 Dodging
 + Level 1.0 Evocations


You had 5 spell levels left.
You didn't know any spells.

Dungeon Overview and Level Annotations

Branches:
Dungeon (3/15)

Altars:
Ashenzari
Dithmenos
The Shining One

Annotations:
D:2 Natasha
D:3 Croanthos's ghost, amateur HuGl


Innate Abilities, Weirdness & Mutations

You reflexively headbutt those who attack you in melee.
You have a pair of horns on your head.
You possess an exceptional clarity of mind.
You are frail. (-10% HP)


Message History

You barely miss Croanthos's ghost.
Croanthos's ghost is moderately damaged.
Croanthos's ghost hits you but does no damage.
You hit Croanthos's ghost but do no damage.
You headbutt Croanthos's ghost.
Croanthos's ghost is moderately damaged.
You puncture Croanthos's ghost! You headbutt Croanthos's ghost.
Croanthos's ghost is heavily damaged.
Croanthos's ghost hits you!
* * * LOW HITPOINT WARNING * * *
You closely miss Croanthos's ghost. Your headbutt misses Croanthos's ghost.
Croanthos's ghost is heavily damaged.
Croanthos's ghost closely misses you. You furiously retaliate!
You headbutt Croanthos's ghost! You closely miss Croanthos's ghost.
Your headbutt misses Croanthos's ghost.
Croanthos's ghost is severely damaged.
You hit Croanthos's ghost. You headbutt Croanthos's ghost.
Croanthos's ghost is almost destroyed.
Croanthos's ghost hits you!
You die...

.####.## #.#
#.#.............# .#
#..# #.#
#.#.....#######.# .#
##.# #.# #.#.###.###
#.# .# #.# #.#
#.#.......# #.# ##
#.# #.# #.#####.#.#
#.# # #.# #.#
#..[....#.#####.# #
#.## #.#
#######.#.......# #
#..#
#.###################
# ##.## #....@W......
# #..# #(###########
# ##.###.# # #..##.#
# ##.##.# #### #..#.#
...# ##.#.# ...#
#...# ...# ##..#


You could see Croanthos's ghost.

Vanquished Creatures
  Sigmund (D:2)
  Crazy Yiuf (D:2)
  An orc priest (D:3)
  2 orc wizards (D:3)
  Natasha (twice) (D:2)
  Terence (D:2)
  A worker ant (D:3)
  2 adders (D:2)
  5 gnolls
  A worm (D:3)
  A dart slug (D:2)
  4 leopard geckos
  5 orcs (D:3)
  A giant cockroach (D:2)
  9 goblins
  8 hobgoblins
  A quokka (D:2)
  2 bats
  4 frilled lizards (D:2)
  2 kobolds (D:2)
  3 rats
57 creatures vanquished.

Notes
Turn   | Place    | Note
-------+----------+-------------------------------------------
     0 | D:1      | Lianjan the Minotaur Gladiator began the quest for the Orb.
     0 | D:1      | Reached XP level 1. HP: 18/18 MP: 0/0
   246 | D:1      | Reached skill level 4 in Polearms
   246 | D:1      | Reached XP level 2. HP: 25/25 MP: 1/1
   584 | D:2      | Noticed Natasha
   593 | D:2      | Killed Natasha
   593 | D:2      | Reached skill level 5 in Polearms
   593 | D:2      | Reached XP level 3. HP: 4/30 MP: 2/2
   846 | D:2      | Noticed Natasha
   858 | D:2      | Killed Natasha
  1202 | D:2      | Reached XP level 4. HP: 37/37 MP: 3/3
  1214 | D:2      | Noticed Sigmund
  1350 | D:2      | Killed Sigmund
  1350 | D:2      | Reached skill level 7 in Polearms
  1350 | D:2      | Reached XP level 5. HP: 14/42 MP: 4/4
  1389 | D:2      | HP: 2/42 [poisoned by Sigmund]
  1660 | D:2      | Noticed Terence
  1660 | D:2      | Found a shadowy altar of Dithmenos.
  1675 | D:2      | Killed Terence
  1675 | D:2      | Reached skill level 8 in Polearms
  1738 | D:2      | Reached XP level 6. HP: 46/50 MP: 5/5
  1964 | D:2      | Noticed Natasha
  1985 | D:2      | Found a runed door.
  2072 | D:2      | Found a glowing golden altar of the Shining One.
  2317 | D:2      | Became a worshipper of the Shining One
  2382 | D:2      | Noticed Crazy Yiuf
  2386 | D:2      | Killed Crazy Yiuf
  2659 | D:3      | Reached skill level 9 in Polearms
  2896 | D:3      | Found a shattered altar of Ashenzari.
  2953 | D:3      | Reached skill level 1 in Evocations
  3039 | D:3      | Noticed Croanthos's ghost (amateur HuGl)
  3042 | D:3      | Gained mutation: You are frail. (-10% HP) [potion of mutation]
  3042 | D:3      | Gained mutation: You possess an exceptional clarity of mind. [potion of mutation]
  3060 | D:3      | Slain by Croanthos's ghost

Vault maps used:
D:1:      lightli_arrival_noodles, minivault_26
D:2:      nicolae_overflow_hidden_temple, tso_altar,
          nicolae_dithmenos_shadow_blocks, uniq_sigmund, uniq_natasha,
          uniq_terence, uniq_crazy_yiuf_cottage
D:3:      nicolae_ashenzari_panopticon, chequers_ecumenical_altar_simple_redux

Skill      XL: |  1  2  3  4  5  6 |
---------------+-------------------+-----
Polearms       | 4 5 7 8 9 |  9.1
Fighting       | 3 |  3.1
Evocations     | 1 |  1.0
Throwing       | |  2.0
Dodging        | |  3.2

Action                   |  1- 3 |  4- 6 || total
-------------------------+-------+-------++-------
Melee: Trident           |    29 |   157 ||   186
       Headbutt          |     3 |    27 ||    30
  Use: Scroll            |       |     5 ||     5
       Potion            |       |     3 ||     3
  Eat: Fruit             |       |     3 ||     3
       Meat ration       |       |     1 ||     1
Armor: Leather armour    |     6 |       ||     6
       Scale mail        |       |    10 ||    10
       Chain mail        |       |    33 ||    33
Dodge: Dodged            |    12 |    30 ||    42
